Thunder vs River Rats
(R1)
Created - 21 février 2014 at 23:55
Goals
|
| Thunder |
0 |
1 |
2 |
3 |
| River Rats |
0 |
1 |
1 |
2 |
|
Shots
|
| Thunder |
6 |
13 |
11 |
30 |
| River Rats |
5 |
14 |
10 |
29 |
|
1st period
No Goal
Penalties :
Martin Grenier (Alb) for Tripping (Minor) at 5:34, Daultan Leveillé (TRO) for Hooking (Minor) at 17:39
2nd period
1. Thunder , Daniel Winnik 24 (Alexei Semenov, Doug Janik) at 7:30
2. River Rats , Tyler Bozak 34 (Niklas Sundstrom) at 9:32 (PP)
Penalties :
Joey Crabb (TRO) for Hooking (Minor) at 9:30, Samuel Pahlsson (TRO) for Interference (Minor) at 9:51
3rd period
3. River Rats , Niklas Sundstrom 30 (Tyler Bozak) at 7:55 (PP)
4. Thunder , Dany Roussin 16 (Joey Crabb) at 12:29
5. Thunder , Jason Blake 30 (Samuel Pahlsson, Doug Janik) at 15:11 (PP)
Penalties :
Tyler Bozak (Alb) for Tripping (Minor) at 1:40, Derek Peltier (TRO) for Hooking (Minor) at 7:49, James Van Riemsdyk (Alb) for Fighting (Major) at 8:20, Jason Blake (TRO) for Fighting (Major) at 8:20, James Van Riemsdyk (Alb) for instigated a fight (Minor) at 8:20, James Van Riemsdyk (Alb) for instigated a fight (10 Minutes Misconduct) at 8:20, Martin Grenier (Alb) for Diving (Minor) at 14:54, Matt Jones (Alb) for Tripping (Minor) at 17:54
Goalie Stats
Barry Brust (TRO), 27 saves from 29 shots - (0,931), W, 23-12-3, 60:00 minutes
Adam Munro (Alb), 27 saves from 30 shots - (0,900), L, 21-12-3, 60:00 minutes
Players Stats for Thunder
Player Name G A P +/- PIM S H SB GA TA FO MP PP MP PK MP
------------------------------------------------------------------------------------
Alexei Semenov 0 1 1 1 0 2 0 2 1 0 0/0 27:15 4:54 2:02
Daniel Winnik 1 0 1 1 0 3 0 0 0 0 0/0 12:44 1:24 1:22
Dany Roussin 1 0 1 1 0 5 1 0 3 0 0/0 15:38 3:06 0:12
Daultan Leveillé 0 0 0 1 2 0 1 0 0 0 1/3 8:22 0:00 0:00
Derek Peltier 0 0 0 1 2 1 0 1 0 1 0/0 21:17 3:19 2:04
Doug Janik 0 2 2 1 0 0 2 1 0 0 0/0 27:36 4:54 2:02
Jannik Hansen 0 0 0 1 0 0 1 0 0 0 0/0 9:54 0:44 0:00
Jason Blake 1 0 1 0 5 6 2 3 4 2 2/3 19:42 3:21 2:04
Jeff Finger 0 0 0 1 0 2 2 3 1 0 0/0 21:18 3:19 2:04
Jerred Smithson 0 0 0 0 0 2 1 0 0 0 2/7 12:06 0:00 0:50
Joey Crabb 0 1 1 1 2 1 2 0 0 0 0/0 15:19 3:06 0:00
Joey Ryan 0 0 0 0 0 0 1 2 0 0 0/0 11:20 0:00 0:00
Matt D'Agostini 0 0 0 0 0 1 3 1 0 0 2/2 19:55 4:23 0:28
Ray Macias 0 0 0 0 0 1 1 0 0 0 0/0 10:58 0:00 0:00
Robin Leblanc 0 0 0 0 0 2 1 0 0 0 0/1 13:11 1:06 0:00
Samuel Pahlsson 0 1 1 0 2 1 1 0 1 0 13/33 20:21 4:23 1:07
Scott Parse 0 0 0 0 0 1 0 0 1 0 2/3 12:56 0:00 1:19
Tom Pyatt 0 0 0 1 0 2 2 1 1 0 2/10 15:57 3:06 0:50
Players Stats for River Rats
Player Name G A P +/- PIM S H SB GA TA FO MP PP MP PK MP
------------------------------------------------------------------------------------
Andy Greene 0 0 0 0 0 4 1 3 0 0 0/0 24:35 2:07 3:14
Brett Maclean 0 0 0 0 0 2 0 0 0 0 0/0 11:51 0:02 0:13
Chris Mcallister 0 0 0 0 0 3 1 0 0 0 0/0 14:06 0:02 4:46
Danny Kristo 0 0 0 0 0 0 0 1 1 0 0/0 10:14 0:02 0:00
James Van Riemsdyk 0 0 0 -1 17 2 2 0 1 0 0/0 16:20 2:10 0:43
Jamie Arniel 0 0 0 0 0 0 0 1 0 0 1/3 7:21 0:00 0:00
Kyle Chipchura 0 0 0 0 0 0 0 0 0 1 11/18 16:11 0:00 4:39
Martin Grenier 0 0 0 0 4 1 1 2 0 2 0/0 23:11 1:59 3:28
Matt Jones 0 0 0 0 2 0 2 0 0 1 0/0 17:55 1:59 2:41
Mikkel Boedker 0 0 0 -1 0 1 2 0 0 0 0/0 17:20 1:54 2:06
Niklas Sundstrom 1 1 2 -1 0 8 1 0 1 0 1/1 17:34 2:10 0:00
Nolan Pratt 0 0 0 -2 0 2 0 3 0 2 0/0 18:08 2:07 4:59
Pavel Valentenko 0 0 0 -2 0 0 0 3 0 0 0/0 13:13 0:00 1:46
Peter Mueller 0 0 0 -1 0 0 1 1 0 0 10/12 16:53 1:54 1:28
Sergei Kostitsyn 0 0 0 -1 0 2 0 2 0 1 2/3 17:45 1:54 2:31
Shawn Lalonde 0 0 0 0 0 0 0 0 0 0 0/0 5:41 0:00 0:18
Steve Quailer 0 0 0 0 0 0 1 0 0 0 0/0 7:21 0:00 0:00
Tyler Bozak 1 1 2 -1 2 3 3 0 0 0 13/25 17:25 2:10 0:00
Tyler Myers 0 0 0 0 0 1 1 1 0 5 0/0 18:38 0:00 0:00
3 Stars
1 - Doug Janik (TRO)
2 - Niklas Sundstrom (Alb)
3 - Dany Roussin (TRO)
Power Play
Thunder - 1 on 5 Attempt(s) - 20,00%
River Rats - 2 on 4 Attempt(s) - 50,00%
Penalty Kill
Thunder - 2 on 4 Attempt(s) - 50,00%
- Score 0 goal in Penalty Kill
River Rats - 4 on 5 Attempt(s) - 80,00%
- Score 0 goal in Penalty Kill
Official
Referees : Charron Francis and O'Rourke Dan
Linesman : Tony Sericolo and Scott Driscoll
Game Notes
18:22 of 2nd period - Thunder goal is going for a video replay. After video review, No Goal. The puck has entered the net after making contact with an attacking player’s stick that is above the height of the crossbar.
James Van Riemsdyk and Jason Blake fight to a draw at 8:20 of 3rd period
Finance
Level 1 -- Attendance: 1503 (75,15%) -- Ticket Income 52 605 $
Level 2 -- Attendance: 680 (68,00%) -- Ticket Income 10 200 $
Total Attendance: 2183 (72,77%)
Total Ticket Income: 62 805 $
Other Income: 3 140 $
Total Income: 65 945 $
Thunder
5 vs 5 Forward
Center Left Wing Right Wing Time % Phy DF OF
1 Samuel Pahlsson Jason Blake Matt D'Agostini 40 1 2 2
2 Tom Pyatt Dany Roussin Joey Crabb 30 1 2 2
3 Jerred Smithson Scott Parse Robin Leblanc 20 1 2 2
4 Daultan Leveillé Daniel Winnik Jannik Hansen 10 1 2 2
5 vs 5 Defense
Defense Defense Time % Phy DF OF
1 Alexei Semenov Doug Janik 40 1 2 2
2 Jeff Finger Derek Peltier 30 1 2 2
3 Ray Macias Joey Ryan 20 1 2 2
4 Alexei Semenov Doug Janik 10 1 2 2
PowerPlay Forward
Center Left Wing Right Wing Time % Phy DF OF
1 Samuel Pahlsson Jason Blake Matt D'Agostini 60 1 2 2
2 Tom Pyatt Dany Roussin Joey Crabb 40 1 2 2
PowerPlay Defense
Defense Defense Time % Phy DF OF
1 Alexei Semenov Doug Janik 60 1 2 2
2 Jeff Finger Derek Peltier 40 1 2 2
Penalty Kill 4 Players Forward
Center Wing Time % Phy DF OF
1 Samuel Pahlsson Jason Blake 60 1 2 2
2 Tom Pyatt Matt D'Agostini 40 1 2 2
Penalty Kill 4 Players Defense
Defense Defense Time % Phy DF OF
1 Alexei Semenov Doug Janik 60 1 2 2
2 Jeff Finger Derek Peltier 40 1 2 2
Penalty Kill - 3 Players Forward
Forward Time % Phy DF OF
1 Jason Blake 60 1 2 2
2 Samuel Pahlsson 40 1 2 2
Penalty Kill - 3 Players Defense
Defense Defense Time % Phy DF OF
1 Alexei Semenov Doug Janik 60 1 2 2
2 Jeff Finger Derek Peltier 40 1 2 2
4 vs 4 Forward
Center Wing Time % Phy DF OF
1 Samuel Pahlsson Matt D'Agostini 60 1 2 2
2 Tom Pyatt Jason Blake 40 1 2 2
4 vs 4 Defense
Defense Defense Time % Phy DF OF
1 Alexei Semenov Doug Janik 60 1 2 2
2 Jeff Finger Derek Peltier 40 1 2 2
Last Minutes Offensive
Center Left Wing Right Wing Defense Defense
Samuel Pahlsson Jason Blake Matt D'Agostini Alexei Semenov Doug Janik
Last Minutes Defensive
Center Left Wing Right Wing Defense Defense
Samuel Pahlsson Jason Blake Matt D'Agostini Alexei Semenov Doug Janik
Goaltenders
Starting : Barry Brust
Backup : Ben Bishop
Extra Forwards
Normal : Daniel Winnik, Robin Leblanc, Jannik Hansen - PP : Daniel Winnik, Robin Leblanc - PK : Scott Parse
Extra Defensemen
Normal : Ray Macias, Joey Ryan, Jeff Finger - PP : Ray Macias - PK : Ray Macias, Joey Ryan
Penalty Shots
Matt D'Agostini, Samuel Pahlsson, Dany Roussin, Scott Parse, Daniel Winnik
River Rats
5 vs 5 Forward
Center Left Wing Right Wing Time % Phy DF OF
1 Tyler Bozak James Van Riemsdyk Niklas Sundstrom 40 1 2 2
2 Peter Mueller Sergei Kostitsyn Mikkel Boedker 30 1 2 2
3 Kyle Chipchura Brett Maclean Danny Kristo 20 1 2 2
4 Jamie Arniel Chris Mcallister Steve Quailer 10 1 2 2
5 vs 5 Defense
Defense Defense Time % Phy DF OF
1 Andy Greene Tyler Myers 40 1 2 2
2 Martin Grenier Matt Jones 30 1 2 2
3 Nolan Pratt Pavel Valentenko 20 1 2 2
4 Shawn Lalonde Martin Grenier 10 1 2 2
PowerPlay Forward
Center Left Wing Right Wing Time % Phy DF OF
1 Tyler Bozak James Van Riemsdyk Niklas Sundstrom 60 1 2 2
2 Peter Mueller Sergei Kostitsyn Mikkel Boedker 40 1 2 2
PowerPlay Defense
Defense Defense Time % Phy DF OF
1 Andy Greene Nolan Pratt 60 1 2 2
2 Martin Grenier Matt Jones 40 1 2 2
Penalty Kill 4 Players Forward
Center Wing Time % Phy DF OF
1 Kyle Chipchura Chris Mcallister 60 1 2 2
2 Sergei Kostitsyn Mikkel Boedker 40 1 2 2
Penalty Kill 4 Players Defense
Defense Defense Time % Phy DF OF
1 Martin Grenier Nolan Pratt 60 1 2 2
2 Andy Greene Matt Jones 40 1 2 2
Penalty Kill - 3 Players Forward
Forward Time % Phy DF OF
1 Kyle Chipchura 60 1 2 2
2 Chris Mcallister 40 1 2 2
Penalty Kill - 3 Players Defense
Defense Defense Time % Phy DF OF
1 Martin Grenier Nolan Pratt 60 1 2 2
2 Andy Greene Matt Jones 40 1 2 2
4 vs 4 Forward
Center Wing Time % Phy DF OF
1 Niklas Sundstrom James Van Riemsdyk 60 1 2 2
2 Sergei Kostitsyn Mikkel Boedker 40 1 2 2
4 vs 4 Defense
Defense Defense Time % Phy DF OF
1 Andy Greene Tyler Myers 60 1 2 2
2 Martin Grenier Matt Jones 40 1 2 2
Last Minutes Offensive
Center Left Wing Right Wing Defense Defense
Tyler Bozak Brett Maclean Niklas Sundstrom Martin Grenier Andy Greene
Last Minutes Defensive
Center Left Wing Right Wing Defense Defense
Tyler Bozak Chris Mcallister Niklas Sundstrom Martin Grenier Nolan Pratt
Goaltenders
Starting : Adam Munro
Backup : Jonathan Bernier
Extra Forwards
Normal : Brett Maclean, James Van Riemsdyk, Kyle Chipchura - PP : Brett Maclean, James Van Riemsdyk - PK : Kyle Chipchura
Extra Defensemen
Normal : Tyler Myers, Pavel Valentenko, Shawn Lalonde - PP : Tyler Myers - PK : Pavel Valentenko, Shawn Lalonde
Penalty Shots
Niklas Sundstrom, Chris Mcallister, Sergei Kostitsyn, Mikkel Boedker, Tyler Bozak
% Time on Ice - Thunder
Lines # - Real PCT - Wanted PCT - Time Play
Normal Forward
1 - 34% - 40% - 16:20
2 - 25% - 30% - 12:01
3 - 24% - 20% - 11:13
4 - 17% - 10% - 8:02
Normal Defense
1 - 41% - 40% - 19:25
2 - 33% - 30% - 15:55
3 - 23% - 20% - 10:49
4 - 3% - 10% - 1:27
PP Forward
1 - 62% - 60% - 5:07
2 - 38% - 40% - 3:06
PP Defense
1 - 60% - 60% - 4:54
2 - 40% - 40% - 3:19
PK Forward
1 - 89% - 60% - 3:38
2 - 11% - 40% - 0:28
PK Defense
1 - 50% - 60% - 2:02
2 - 50% - 40% - 2:04
PK3 Forward
1 - 0% - 60%
2 - 0% - 40%
PK3 Defense
1 - 0% - 60%
2 - 0% - 40%
44 Forward
1 - 0% - 60%
2 - 0% - 40%
44 Defense
1 - 0% - 60%
2 - 0% - 40%
Last Minute Offensive - 0:00
Last Minute Defensive - 0:05
Total
Forward - 60:00
Defense - 60:00
|
% Time on Ice - River Rats
Lines # - Real PCT - Wanted PCT - Time Play
Normal Forward
1 - 35% - 40% - 16:49
2 - 28% - 30% - 13:20
3 - 21% - 20% - 10:11
4 - 15% - 10% - 7:21
Normal Defense
1 - 41% - 40% - 19:31
2 - 28% - 30% - 13:10
3 - 21% - 20% - 10:09
4 - 10% - 10% - 4:51
PP Forward
1 - 54% - 60% - 2:12
2 - 46% - 40% - 1:54
PP Defense
1 - 52% - 60% - 2:07
2 - 48% - 40% - 1:59
PK Forward
1 - 74% - 60% - 6:07
2 - 26% - 40% - 2:06
PK Defense
1 - 61% - 60% - 4:59
2 - 39% - 40% - 3:14
PK3 Forward
1 - 0% - 60%
2 - 0% - 40%
PK3 Defense
1 - 0% - 60%
2 - 0% - 40%
44 Forward
1 - 0% - 60%
2 - 0% - 40%
44 Defense
1 - 0% - 60%
2 - 0% - 40%
Last Minute Offensive - 0:00
Last Minute Defensive - 0:00
Total
Forward - 60:00
Defense - 60:00
|
Play by Play
1st period
0:01 of 1st period - Tyler Bozak wins face-off versus Samuel Pahlsson in neutral zone.
0:04 of 1st period - Slapshot by Niklas Sundstrom.
0:04 of 1st period - Deflect By Jason Blake.
0:04 of 1st period - Stopped by Barry Brust with a rebound.
0:52 of 1st period - Backhand shot by Andy Greene.
0:52 of 1st period - Shot Misses the Net.
1:30 of 1st period - Snap shot by Tyler Bozak.
1:30 of 1st period - Shot Misses the Net.
1:48 of 1st period - Wrist shot by Tom Pyatt.
1:48 of 1st period - Stopped by Adam Munro without a rebound.
1:49 of 1st period - Peter Mueller wins face-off versus Tom Pyatt in River Rats zone.
3:22 of 1st period - Snap shot by Peter Mueller.
3:22 of 1st period - Deflect By Sergei Kostitsyn.
3:22 of 1st period - Stopped by Barry Brust with a rebound.
3:42 of 1st period - Snap shot by Brett Maclean.
3:42 of 1st period - Shot Misses the Net.
3:44 of 1st period - Snap shot by Nolan Pratt.
3:44 of 1st period - Stopped by Barry Brust without a rebound.
3:45 of 1st period - Kyle Chipchura wins face-off versus Samuel Pahlsson in Thunder zone.
4:19 of 1st period - Wrist shot by Jerred Smithson.
4:19 of 1st period - Shot Misses the Net.
4:37 of 1st period - Mikkel Boedker is hit by Daultan Leveillé and loses puck.
4:48 of 1st period - Tyler Myers is hit by Doug Janik and loses puck.
5:16 of 1st period - Slapshot by Tyler Bozak.
5:16 of 1st period - Shot Blocked by Tom Pyatt.
5:22 of 1st period - Doug Janik is hit by Tyler Bozak and loses puck.
5:34 of 1st period - Minor Penalty to Martin Grenier for Tripping.
5:35 of 1st period - Samuel Pahlsson wins face-off versus Kyle Chipchura in River Rats zone.
5:35 of 1st period - Snap shot by Jason Blake.
5:35 of 1st period - Shot Blocked by Nolan Pratt.
5:37 of 1st period - Wrist shot by Jeff Finger.
5:37 of 1st period - Stopped by Adam Munro with a rebound.
5:39 of 1st period - Wrist shot by Derek Peltier.
5:39 of 1st period - Stopped by Adam Munro with a rebound.
5:41 of 1st period - Snap shot by Jeff Finger.
5:41 of 1st period - Shot Misses the Net.
7:34 of 1st period - Penalty to Martin Grenier is over, Martin Grenier is back on ice.
7:59 of 1st period - Snap shot by Martin Grenier.
7:59 of 1st period - Stopped by Barry Brust with a rebound.
8:45 of 1st period - Slapshot by Daniel Winnik.
8:45 of 1st period - Shot Blocked by Nolan Pratt.
8:47 of 1st period - Slapshot by Alexei Semenov.
8:47 of 1st period - Shot Misses the Net.
8:49 of 1st period - Slapshot by Alexei Semenov.
8:49 of 1st period - Stopped by Adam Munro with a rebound.
8:51 of 1st period - Slapshot by Alexei Semenov.
8:51 of 1st period - Stopped by Adam Munro without a rebound.
8:52 of 1st period - Samuel Pahlsson wins face-off versus Peter Mueller in River Rats zone.
8:57 of 1st period - Wrist shot by Samuel Pahlsson.
8:57 of 1st period - Shot Misses the Net.
9:17 of 1st period - Derek Peltier is hit by Niklas Sundstrom and loses puck.
9:24 of 1st period - Snap shot by Tyler Bozak.
9:24 of 1st period - Shot Misses the Net.
9:26 of 1st period - Slapshot by Matt Jones.
9:26 of 1st period - Shot Blocked by Jeff Finger.
9:36 of 1st period - Sergei Kostitsyn is hit by Joey Crabb and loses puck.
9:57 of 1st period - Andy Greene is hit by Dany Roussin.
10:19 of 1st period - Samuel Pahlsson is hit by Matt Jones and loses puck.
11:03 of 1st period - Matt Jones is hit by Ray Macias and loses puck.
13:48 of 1st period - Jeff Finger is hit by Mikkel Boedker and loses puck.
14:21 of 1st period - Icing by Tom Pyatt.
14:22 of 1st period - Jamie Arniel wins face-off versus Tom Pyatt in Thunder zone.
14:37 of 1st period - Snap shot by Niklas Sundstrom.
14:37 of 1st period - Stopped by Barry Brust without a rebound.
14:38 of 1st period - Tyler Bozak wins face-off versus Samuel Pahlsson in Thunder zone.
14:43 of 1st period - Wrist shot by Niklas Sundstrom.
14:43 of 1st period - Shot Misses the Net.
15:10 of 1st period - Wrist shot by Scott Parse.
15:10 of 1st period - Shot Blocked by Pavel Valentenko.
16:00 of 1st period - Snap shot by Jason Blake.
16:00 of 1st period - Shot Misses the Net.
16:02 of 1st period - Backhand shot by Samuel Pahlsson.
16:02 of 1st period - Shot Misses the Net.
16:12 of 1st period - Slapshot by Samuel Pahlsson.
16:12 of 1st period - Stopped by Adam Munro without a rebound.
16:13 of 1st period - Peter Mueller wins face-off versus Jerred Smithson in River Rats zone.
16:40 of 1st period - Niklas Sundstrom is hit by Samuel Pahlsson and loses puck.
17:05 of 1st period - Martin Grenier is hit by Tom Pyatt and loses puck.
17:39 of 1st period - Minor Penalty to Daultan Leveillé for Hooking.
17:40 of 1st period - Samuel Pahlsson wins face-off versus Tyler Bozak in Thunder zone.
19:39 of 1st period - Penalty to Daultan Leveillé is over, Daultan Leveillé is back on ice.
19:53 of 1st period - Snap shot by Brett Maclean.
19:53 of 1st period - Shot Misses the Net.
Goals for this period are 0 for Thunder vs 0 for River Rats.
Shots for this period are 6 for Thunder vs 5 for River Rats.
2nd period
0:01 of 2nd period - Samuel Pahlsson wins face-off versus Tyler Bozak in neutral zone.
0:01 of 2nd period - Samuel Pahlsson is hit by Andy Greene.
0:09 of 2nd period - Slapshot by Samuel Pahlsson.
0:09 of 2nd period - Deflect By Jason Blake.
0:09 of 2nd period - Deflect By Tyler Bozak.
0:09 of 2nd period - Stopped by Adam Munro with a rebound.
0:15 of 2nd period - Slapshot by Andy Greene.
0:15 of 2nd period - Shot Blocked by Jason Blake.
0:34 of 2nd period - Wrist shot by Peter Mueller.
0:34 of 2nd period - Shot Misses the Net.
0:47 of 2nd period - Off-side.
0:48 of 2nd period - Kyle Chipchura wins face-off versus Jerred Smithson in neutral zone.
0:55 of 2nd period - Snap shot by Brett Maclean.
0:55 of 2nd period - Stopped by Barry Brust without a rebound.
0:56 of 2nd period - Matt D'Agostini wins face-off versus Tyler Bozak in Thunder zone.
1:24 of 2nd period - Wrist shot by Robin Leblanc.
1:24 of 2nd period - Stopped by Adam Munro without a rebound.
1:25 of 2nd period - Jerred Smithson wins face-off versus Peter Mueller in River Rats zone.
1:26 of 2nd period - Slapshot by Doug Janik.
1:26 of 2nd period - Deflect By Scott Parse.
1:26 of 2nd period - Shot Blocked by Sergei Kostitsyn.
1:26 of 2nd period - Puck is out of play.
1:27 of 2nd period - Peter Mueller wins face-off versus Scott Parse in River Rats zone.
1:39 of 2nd period - Snap shot by Alexei Semenov.
1:39 of 2nd period - Shot Blocked by Martin Grenier.
2:35 of 2nd period - Alexei Semenov is hit by Steve Quailer and loses puck.
2:54 of 2nd period - Wrist shot by Daultan Leveillé.
2:54 of 2nd period - Shot Misses the Net.
3:17 of 2nd period - Wrist shot by Jason Blake.
3:17 of 2nd period - Stopped by Adam Munro without a rebound.
3:18 of 2nd period - Matt D'Agostini wins face-off versus Tyler Bozak in River Rats zone.
3:21 of 2nd period - Wrist shot by Samuel Pahlsson.
3:21 of 2nd period - Shot Misses the Net.
3:23 of 2nd period - Slapshot by Ray Macias.
3:23 of 2nd period - Stopped by Adam Munro with a rebound.
3:27 of 2nd period - Wrist shot by Jason Blake.
3:27 of 2nd period - Shot Misses the Net.
3:29 of 2nd period - Snap shot by Samuel Pahlsson.
3:29 of 2nd period - Shot Hit the Post.
3:31 of 2nd period - Snap shot by Samuel Pahlsson.
3:31 of 2nd period - Shot Misses the Net.
3:33 of 2nd period - Snap shot by Samuel Pahlsson.
3:33 of 2nd period - Shot Blocked by Nolan Pratt.
3:43 of 2nd period - Dany Roussin is hit by Peter Mueller.
3:53 of 2nd period - Snap shot by Mikkel Boedker.
3:53 of 2nd period - Shot Blocked by Jeff Finger.
5:10 of 2nd period - Derek Peltier is hit by Martin Grenier and loses puck.
5:15 of 2nd period - Slapshot by Niklas Sundstrom.
5:15 of 2nd period - Stopped by Barry Brust with a rebound.
5:31 of 2nd period - Snap shot by Dany Roussin.
5:31 of 2nd period - Stopped by Adam Munro with a rebound.
5:33 of 2nd period - Slapshot by Jeff Finger.
5:33 of 2nd period - Stopped by Adam Munro without a rebound.
5:34 of 2nd period - Tyler Bozak wins face-off versus Tom Pyatt in River Rats zone.
5:49 of 2nd period - Slapshot by Niklas Sundstrom.
5:49 of 2nd period - Stopped by Barry Brust with a rebound.
5:59 of 2nd period - Mikkel Boedker is hit by Matt D'Agostini and loses puck.
6:56 of 2nd period - Icing by Jannik Hansen.
6:57 of 2nd period - Tyler Bozak wins face-off versus Daultan Leveillé in Thunder zone.
7:00 of 2nd period - Snap shot by Niklas Sundstrom.
7:00 of 2nd period - Deflect By James Van Riemsdyk.
7:00 of 2nd period - Stopped by Barry Brust with a rebound.
7:06 of 2nd period - Slapshot by Alexei Semenov.
7:06 of 2nd period - Shot Blocked by Pavel Valentenko.
7:08 of 2nd period - Snap shot by Jannik Hansen.
7:08 of 2nd period - Shot Misses the Net.
7:30 of 2nd period - Snap shot by Daniel Winnik.
7:30 of 2nd period - Goal by Daniel Winnik - Thunder : 1 - River Rats : 0.
7:31 of 2nd period - Peter Mueller wins face-off versus Samuel Pahlsson in neutral zone.
7:41 of 2nd period - Slapshot by Andy Greene.
7:41 of 2nd period - Stopped by Barry Brust without a rebound.
7:42 of 2nd period - Tyler Bozak wins face-off versus Samuel Pahlsson in Thunder zone.
7:55 of 2nd period - Slapshot by Niklas Sundstrom.
7:55 of 2nd period - Shot Blocked by Jason Blake.
7:57 of 2nd period - Snap shot by Niklas Sundstrom.
7:57 of 2nd period - Stopped by Barry Brust with a rebound.
8:16 of 2nd period - Snap shot by Sergei Kostitsyn.
8:16 of 2nd period - Shot Misses the Net.
8:54 of 2nd period - Slapshot by Jason Blake.
8:54 of 2nd period - Shot Misses the Net.
9:04 of 2nd period - Slapshot by Martin Grenier.
9:04 of 2nd period - Deflect By Chris Mcallister.
9:04 of 2nd period - Stopped by Barry Brust with a rebound.
9:06 of 2nd period - Slapshot by Matt Jones.
9:06 of 2nd period - Shot Misses the Net.
9:08 of 2nd period - Slapshot by Chris Mcallister.
9:08 of 2nd period - Stopped by Barry Brust without a rebound.
9:09 of 2nd period - Tom Pyatt wins face-off versus Jamie Arniel in Thunder zone.
9:18 of 2nd period - Slapshot by Chris Mcallister.
9:18 of 2nd period - Shot Misses the Net.
9:20 of 2nd period - Slapshot by Tyler Myers.
9:20 of 2nd period - Shot Misses the Net.
9:22 of 2nd period - Snap shot by Jamie Arniel.
9:22 of 2nd period - Shot Blocked by Derek Peltier.
9:24 of 2nd period - Slapshot by Tyler Myers.
9:24 of 2nd period - Shot Misses the Net.
9:30 of 2nd period - Minor Penalty to Joey Crabb for Hooking.
9:31 of 2nd period - Tyler Bozak wins face-off versus Samuel Pahlsson in Thunder zone.
9:32 of 2nd period - Slapshot by Niklas Sundstrom.
9:32 of 2nd period - Deflect By Tyler Bozak.
9:32 of 2nd period - Goal by Tyler Bozak - Thunder : 1 - River Rats : 1.
9:33 of 2nd period - Tyler Bozak wins face-off versus Samuel Pahlsson in neutral zone.
9:36 of 2nd period - Snap shot by Tyler Bozak.
9:36 of 2nd period - Stopped by Barry Brust without a rebound.
9:37 of 2nd period - Tyler Bozak wins face-off versus Samuel Pahlsson in Thunder zone.
9:40 of 2nd period - Wrist shot by Niklas Sundstrom.
9:40 of 2nd period - Shot Blocked by Matt D'Agostini.
9:42 of 2nd period - Slapshot by Andy Greene.
9:42 of 2nd period - Deflect By James Van Riemsdyk.
9:42 of 2nd period - Stopped by Barry Brust with a rebound.
9:44 of 2nd period - Snap shot by James Van Riemsdyk.
9:44 of 2nd period - Shot Blocked by Alexei Semenov.
9:51 of 2nd period - Minor Penalty to Samuel Pahlsson for Interference.
9:52 of 2nd period - Scott Parse wins face-off versus Tyler Bozak in Thunder zone.
10:00 of 2nd period - Jason Blake is hit by James Van Riemsdyk.
11:51 of 2nd period - Penalty to Samuel Pahlsson is over, Samuel Pahlsson is back on ice.
12:33 of 2nd period - Ray Macias is hit by Chris Mcallister and loses puck.
13:02 of 2nd period - Tyler Bozak is hit by Doug Janik.
13:36 of 2nd period - Peter Mueller is hit by Matt D'Agostini and loses puck.
14:11 of 2nd period - James Van Riemsdyk is hit by Jason Blake and loses puck.
14:34 of 2nd period - Andy Greene is hit by Tom Pyatt and loses puck.
14:39 of 2nd period - Snap shot by Dany Roussin.
14:39 of 2nd period - Shot Blocked by Jamie Arniel.
14:41 of 2nd period - Wrist shot by Tom Pyatt.
14:41 of 2nd period - Shot Misses the Net.
14:51 of 2nd period - Doug Janik is hit by Tyler Myers and loses puck.
15:02 of 2nd period - Icing by Peter Mueller.
15:03 of 2nd period - Samuel Pahlsson wins face-off versus Sergei Kostitsyn in River Rats zone.
15:10 of 2nd period - Snap shot by Tom Pyatt.
15:10 of 2nd period - Shot Misses the Net.
15:31 of 2nd period - Tyler Myers is hit by Jerred Smithson and loses puck.
15:36 of 2nd period - Wrist shot by Scott Parse.
15:36 of 2nd period - Stopped by Adam Munro with a rebound.
15:38 of 2nd period - Wrist shot by Robin Leblanc.
15:38 of 2nd period - Shot Blocked by Andy Greene.
15:54 of 2nd period - Tyler Myers is hit by Jeff Finger and loses puck.
16:17 of 2nd period - Snap shot by Joey Crabb.
16:17 of 2nd period - Stopped by Adam Munro with a rebound.
16:29 of 2nd period - Wrist shot by Chris Mcallister.
16:29 of 2nd period - Deflect By Daniel Winnik.
16:29 of 2nd period - Stopped by Barry Brust with a rebound.
16:31 of 2nd period - Snap shot by Steve Quailer.
16:31 of 2nd period - Shot Misses the Net.
16:33 of 2nd period - Snap shot by Steve Quailer.
16:33 of 2nd period - Shot Misses the Net.
16:35 of 2nd period - Slapshot by Steve Quailer.
16:35 of 2nd period - Shot Blocked by Joey Ryan.
16:37 of 2nd period - Slapshot by Nolan Pratt.
16:37 of 2nd period - Shot Blocked by Joey Ryan.
16:47 of 2nd period - Tyler Bozak is hit by Joey Ryan and loses puck.
17:26 of 2nd period - Snap shot by Tom Pyatt.
17:26 of 2nd period - Stopped by Adam Munro with a rebound.
18:01 of 2nd period - Snap shot by Niklas Sundstrom.
18:01 of 2nd period - Shot Misses the Net.
18:05 of 2nd period - Slapshot by Tyler Bozak.
18:05 of 2nd period - Shot Misses the Net.
18:20 of 2nd period - Snap shot by Jerred Smithson.
18:20 of 2nd period - Stopped by Adam Munro with a rebound.
18:22 of 2nd period - Slapshot by Scott Parse.
18:22 of 2nd period - Deflect By Jerred Smithson.
18:22 of 2nd period - Thunder goal is going for a video replay.
18:22 of 2nd period - The goal is refused. The puck has entered the net after making contact with an attacking player’s stick that is above the height of the crossbar..
18:23 of 2nd period - Samuel Pahlsson wins face-off versus Tyler Bozak in River Rats zone.
18:31 of 2nd period - Off-side.
18:32 of 2nd period - Samuel Pahlsson wins face-off versus Tyler Bozak in neutral zone.
18:53 of 2nd period - Slapshot by Jason Blake.
18:53 of 2nd period - Deflect By Matt D'Agostini.
18:53 of 2nd period - Shot Blocked by Tyler Myers.
18:53 of 2nd period - Puck is out of play.
18:54 of 2nd period - Peter Mueller wins face-off versus Tom Pyatt in River Rats zone.
19:17 of 2nd period - Icing by Alexei Semenov.
19:18 of 2nd period - Tom Pyatt wins face-off versus Tyler Bozak in Thunder zone.
19:29 of 2nd period - Snap shot by Niklas Sundstrom.
19:29 of 2nd period - Stopped by Barry Brust without a rebound.
19:30 of 2nd period - Tyler Bozak wins face-off versus Samuel Pahlsson in Thunder zone.
19:31 of 2nd period - Wrist shot by Niklas Sundstrom.
19:31 of 2nd period - Stopped by Barry Brust without a rebound.
19:32 of 2nd period - Jason Blake wins face-off versus Tyler Bozak in Thunder zone.
19:47 of 2nd period - Snap shot by Samuel Pahlsson.
19:47 of 2nd period - Deflect By Matt D'Agostini.
19:47 of 2nd period - Stopped by Adam Munro without a rebound.
19:48 of 2nd period - Peter Mueller wins face-off versus Tom Pyatt in River Rats zone.
19:48 of 2nd period - Peter Mueller is hit by Joey Crabb.
Goals for this period are 1 for Thunder vs 1 for River Rats.
Shots for this period are 13 for Thunder vs 14 for River Rats.
3rd period
0:01 of 3rd period - Tyler Bozak wins face-off versus Samuel Pahlsson in neutral zone.
0:09 of 3rd period - Snap shot by Tyler Bozak.
0:09 of 3rd period - Stopped by Barry Brust without a rebound.
0:10 of 3rd period - Tyler Bozak wins face-off versus Samuel Pahlsson in Thunder zone.
0:13 of 3rd period - Wrist shot by Niklas Sundstrom.
0:13 of 3rd period - Shot Misses the Net.
0:15 of 3rd period - Snap shot by Tyler Myers.
0:15 of 3rd period - Stopped by Barry Brust with a rebound.
0:17 of 3rd period - Wrist shot by James Van Riemsdyk.
0:17 of 3rd period - Shot Misses the Net.
0:19 of 3rd period - Snap shot by Tyler Bozak.
0:19 of 3rd period - Shot Misses the Net.
0:21 of 3rd period - Snap shot by James Van Riemsdyk.
0:21 of 3rd period - Shot Misses the Net.
0:23 of 3rd period - Snap shot by Niklas Sundstrom.
0:23 of 3rd period - Shot Hit the Post.
0:25 of 3rd period - Slapshot by Andy Greene.
0:25 of 3rd period - Stopped by Barry Brust with a rebound.
0:27 of 3rd period - Snap shot by James Van Riemsdyk.
0:27 of 3rd period - Shot Misses the Net.
0:29 of 3rd period - Snap shot by Tyler Myers.
0:29 of 3rd period - Shot Misses the Net.
0:35 of 3rd period - Snap shot by Tyler Bozak.
0:35 of 3rd period - Shot Blocked by Jason Blake.
0:37 of 3rd period - Slapshot by Andy Greene.
0:37 of 3rd period - Deflect By Niklas Sundstrom.
0:37 of 3rd period - Deflect By Jason Blake.
0:37 of 3rd period - Shot Misses the Net.
0:37 of 3rd period - Puck is out of play.
0:38 of 3rd period - Peter Mueller wins face-off versus Tom Pyatt in Thunder zone.
1:14 of 3rd period - Tyler Myers is hit by Jeff Finger and loses puck.
1:29 of 3rd period - Doug Janik is hit by James Van Riemsdyk and loses puck.
1:40 of 3rd period - Minor Penalty to Tyler Bozak for Tripping.
1:41 of 3rd period - Samuel Pahlsson wins face-off versus Kyle Chipchura in River Rats zone.
2:16 of 3rd period - Slapshot by Dany Roussin.
2:16 of 3rd period - Stopped by Adam Munro with a rebound.
3:30 of 3rd period - Icing by Tom Pyatt.
3:31 of 3rd period - Sergei Kostitsyn wins face-off versus Tom Pyatt in Thunder zone.
3:40 of 3rd period - Penalty to Tyler Bozak is over, Tyler Bozak is back on ice.
3:45 of 3rd period - Off-side.
3:46 of 3rd period - Tyler Bozak wins face-off versus Jerred Smithson in neutral zone.
3:51 of 3rd period - Andy Greene is hit by Robin Leblanc and loses puck.
4:25 of 3rd period - Jeff Finger is hit by Mikkel Boedker and loses puck.
4:38 of 3rd period - Slapshot by Derek Peltier.
4:38 of 3rd period - Shot Blocked by Danny Kristo.
4:46 of 3rd period - Snap shot by Dany Roussin.
4:46 of 3rd period - Stopped by Adam Munro with a rebound.
4:56 of 3rd period - Daniel Winnik is hit by Matt Jones and loses puck.
6:23 of 3rd period - Snap shot by Daniel Winnik.
6:23 of 3rd period - Stopped by Adam Munro without a rebound.
6:24 of 3rd period - Peter Mueller wins face-off versus Samuel Pahlsson in River Rats zone.
7:37 of 3rd period - Slapshot by Sergei Kostitsyn.
7:37 of 3rd period - Stopped by Barry Brust with a rebound.
7:39 of 3rd period - Slapshot by Mikkel Boedker.
7:39 of 3rd period - Shot Blocked by Jeff Finger.
7:49 of 3rd period - Minor Penalty to Derek Peltier for Hooking.
7:50 of 3rd period - Tyler Bozak wins face-off versus Samuel Pahlsson in Thunder zone.
7:51 of 3rd period - Wrist shot by Niklas Sundstrom.
7:51 of 3rd period - Shot Misses the Net.
7:53 of 3rd period - Snap shot by Niklas Sundstrom.
7:53 of 3rd period - Shot Misses the Net.
7:55 of 3rd period - Snap shot by Tyler Bozak.
7:55 of 3rd period - Deflect By Niklas Sundstrom.
7:55 of 3rd period - Goal by Niklas Sundstrom - Thunder : 1 - River Rats : 2.
7:56 of 3rd period - Samuel Pahlsson wins face-off versus Tyler Bozak in neutral zone.
7:59 of 3rd period - Backhand shot by Doug Janik.
7:59 of 3rd period - Shot Blocked by Martin Grenier.
8:01 of 3rd period - Slapshot by Doug Janik.
8:01 of 3rd period - Shot Misses the Net.
8:03 of 3rd period - Wrist shot by Jason Blake.
8:03 of 3rd period - Stopped by Adam Munro without a rebound.
8:04 of 3rd period - Samuel Pahlsson wins face-off versus Tyler Bozak in River Rats zone.
8:05 of 3rd period - Wrist shot by Jason Blake.
8:05 of 3rd period - Shot Misses the Net.
8:20 of 3rd period - James Van Riemsdyk and Jason Blake fight to a draw.
8:20 of 3rd period - Penalty to James Van Riemsdyk for Fighting.
8:20 of 3rd period - Penalty to Jason Blake for Fighting.
8:20 of 3rd period - Penalty to James Van Riemsdyk for instigated a fight.
8:20 of 3rd period - Penalty to James Van Riemsdyk for instigated a fight.
8:21 of 3rd period - Kyle Chipchura wins face-off versus Samuel Pahlsson in River Rats zone.
8:36 of 3rd period - Wrist shot by Martin Grenier.
8:36 of 3rd period - Shot Misses the Net.
9:59 of 3rd period - Snap shot by Doug Janik.
9:59 of 3rd period - Shot Misses the Net.
10:20 of 3rd period - Penalty to James Van Riemsdyk is over, Niklas Sundstrom is send on ice.
10:48 of 3rd period - Off-side.
10:49 of 3rd period - Daultan Leveillé wins face-off versus Tyler Bozak in neutral zone.
12:25 of 3rd period - Snap shot by Dany Roussin.
12:25 of 3rd period - Shot Blocked by Pavel Valentenko.
12:27 of 3rd period - Wrist shot by Dany Roussin.
12:27 of 3rd period - Stopped by Adam Munro with a rebound.
12:29 of 3rd period - Snap shot by Dany Roussin.
12:29 of 3rd period - Goal by Dany Roussin - Thunder : 2 - River Rats : 2.
12:30 of 3rd period - Peter Mueller wins face-off versus Samuel Pahlsson in neutral zone.
12:55 of 3rd period - Alexei Semenov is hit by Tyler Bozak and loses puck.
13:18 of 3rd period - Slapshot by Andy Greene.
13:18 of 3rd period - Stopped by Barry Brust with a rebound.
13:20 of 3rd period - Snap shot by Steve Quailer.
13:20 of 3rd period - Shot Misses the Net.
13:22 of 3rd period - Slapshot by Nolan Pratt.
13:22 of 3rd period - Stopped by Barry Brust without a rebound.
13:23 of 3rd period - Peter Mueller wins face-off versus Samuel Pahlsson in Thunder zone.
14:14 of 3rd period - Snap shot by Daniel Winnik.
14:14 of 3rd period - Stopped by Adam Munro without a rebound.
14:15 of 3rd period - Niklas Sundstrom wins face-off versus Daultan Leveillé in River Rats zone.
14:15 of 3rd period - Niklas Sundstrom is hit by Jannik Hansen.
14:29 of 3rd period - Snap shot by Niklas Sundstrom.
14:29 of 3rd period - Shot Blocked by Alexei Semenov.
14:31 of 3rd period - Snap shot by Brett Maclean.
14:31 of 3rd period - Stopped by Barry Brust with a rebound.
14:43 of 3rd period - Snap shot by Jason Blake.
14:43 of 3rd period - Stopped by Adam Munro without a rebound.
14:44 of 3rd period - Samuel Pahlsson wins face-off versus Jamie Arniel in River Rats zone.
14:54 of 3rd period - Minor Penalty to Martin Grenier for Diving.
14:55 of 3rd period - Samuel Pahlsson wins face-off versus Kyle Chipchura in River Rats zone.
14:57 of 3rd period - Wrist shot by Jason Blake.
14:57 of 3rd period - Stopped by Adam Munro without a rebound.
14:58 of 3rd period - Kyle Chipchura wins face-off versus Samuel Pahlsson in River Rats zone.
15:11 of 3rd period - Snap shot by Jason Blake.
15:11 of 3rd period - Goal by Jason Blake - Thunder : 3 - River Rats : 2.
15:12 of 3rd period - Kyle Chipchura wins face-off versus Jerred Smithson in neutral zone.
15:39 of 3rd period - Samuel Pahlsson is hit by Tyler Bozak and loses puck.
16:08 of 3rd period - Slapshot by Doug Janik.
16:08 of 3rd period - Deflect By Tom Pyatt.
16:08 of 3rd period - Shot Blocked by Sergei Kostitsyn.
16:08 of 3rd period - Puck is out of play.
16:09 of 3rd period - Kyle Chipchura wins face-off versus Jerred Smithson in River Rats zone.
16:11 of 3rd period - Icing by Andy Greene.
16:12 of 3rd period - Scott Parse wins face-off versus Kyle Chipchura in River Rats zone.
16:13 of 3rd period - Snap shot by Robin Leblanc.
16:13 of 3rd period - Stopped by Adam Munro without a rebound.
16:14 of 3rd period - Jerred Smithson wins face-off versus Kyle Chipchura in River Rats zone.
16:25 of 3rd period - Wrist shot by Jeff Finger.
16:25 of 3rd period - Deflect By Jerred Smithson.
16:25 of 3rd period - Shot Misses the Net.
16:25 of 3rd period - Puck is out of play.
16:26 of 3rd period - Kyle Chipchura wins face-off versus Robin Leblanc in River Rats zone.
16:39 of 3rd period - Slapshot by Andy Greene.
16:39 of 3rd period - Shot Blocked by Doug Janik.
16:41 of 3rd period - Backhand shot by Andy Greene.
16:41 of 3rd period - Stopped by Barry Brust with a rebound.
17:02 of 3rd period - Slapshot by Alexei Semenov.
17:02 of 3rd period - Shot Blocked by Peter Mueller.
17:34 of 3rd period - Snap shot by Jerred Smithson.
17:34 of 3rd period - Shot Blocked by Andy Greene.
17:36 of 3rd period - Slapshot by Doug Janik.
17:36 of 3rd period - Deflect By Jerred Smithson.
17:36 of 3rd period - Shot Blocked by Andy Greene.
17:36 of 3rd period - Puck is out of play.
17:37 of 3rd period - Kyle Chipchura wins face-off versus Samuel Pahlsson in River Rats zone.
17:37 of 3rd period - Kyle Chipchura is hit by Jason Blake.
17:44 of 3rd period - Matt Jones is hit by Matt D'Agostini and loses puck.
17:54 of 3rd period - Minor Penalty to Matt Jones for Tripping.
17:55 of 3rd period - Kyle Chipchura wins face-off versus Samuel Pahlsson in River Rats zone.
18:07 of 3rd period - Wrist shot by Samuel Pahlsson.
18:07 of 3rd period - Deflect By Chris Mcallister.
18:07 of 3rd period - Shot Misses the Net.
18:07 of 3rd period - Puck is out of play.
18:08 of 3rd period - Kyle Chipchura wins face-off versus Jason Blake in River Rats zone.
18:18 of 3rd period - Off-side.
18:19 of 3rd period - Samuel Pahlsson wins face-off versus Kyle Chipchura in neutral zone.
18:20 of 3rd period - 10 Minutes Game Misconduct Penalty to James Van Riemsdyk is over.
18:21 of 3rd period - Off-side.
18:22 of 3rd period - Jason Blake wins face-off versus Kyle Chipchura in neutral zone.
18:54 of 3rd period - Icing by Joey Crabb.
18:55 of 3rd period - Sergei Kostitsyn wins face-off versus Tom Pyatt in Thunder zone.
18:56 of 3rd period - Slapshot by Mikkel Boedker.
18:56 of 3rd period - Stopped by Barry Brust with a rebound.
19:04 of 3rd period - Slapshot by Doug Janik.
19:04 of 3rd period - Deflect By Tom Pyatt.
19:04 of 3rd period - Shot Misses the Net.
19:04 of 3rd period - Puck is out of play.
19:05 of 3rd period - Benoit Groulx call a timeout for River Rats.
19:05 of 3rd period - Kyle Chipchura wins face-off versus Samuel Pahlsson in River Rats zone.
19:40 of 3rd period - Wrist shot by Nolan Pratt.
19:40 of 3rd period - Shot Misses the Net.
19:54 of 3rd period - Penalty to Matt Jones is over, Matt Jones is back on ice.
Goals for this period are 2 for Thunder vs 1 for River Rats.
Shots for this period are 11 for Thunder vs 10 for River Rats.
Output by the SimonT Hockey Simulator (STHS) for François Prévost -- Original Page W3C XHTML 1.0 Valid